 Dungeon Crawl Stone Soup version 0.29-a0-830-gcb1280458a (webtiles) character file.

Game seed: 12154365048281162823

3658 LynnLen the Covert (level 9, -3/55 HPs)
             Began as a Vampire Enchanter on July 11, 2022.
             Slain by an eight-headed hydra (4 damage)
             ... on level 7 of the Dungeon.
             The game lasted 00:31:18 (8512 turns).

LynnLen the Covert (Vampire Enchanter)              Turns: 8512, Time: 00:31:19

Health: -3/55      AC: 10    Str:  7    XL:     9   Next: 88%
Magic:  8/12       EV: 29    Int: 19    God:
Gold:   423        SH:  0    Dex: 17    Spells: 4/12 levels left

rFire   + . .      SeeInvis +   n - +2 dagger (drain)
rCold   + + .      Faith    .   (no shield)
rNeg    + + +      Spirit   .   a - +0 leather armour
rPois   ∞          Reflect  .   s - +0 helmet
rElec   +          Harm     .   G - +0 cloak "Yclaxt" {rElec rF+ rN+}
rCorr   .          Rampage  .   v - +0 pair of gloves
Will    .....                   (no boots)
Stlth   +++++++...              y - amulet of the acrobat
HPRegen 0.00/turn               m - +4 ring of protection
MPRegen 0.13/turn               (no ring)

@: about to teleport, acrobatic, bloodless, inhibited regen
A: bloodless, fangs 3, see invisible, vampiric 2
a: Bat Form, Revivify


You were on level 7 of the Dungeon.
You visited 1 branch of the dungeon, and saw 8 of its levels.

You collected 423 gold pieces.

Inventory:

Hand Weapons
 j - a +3 vampiric whip
 n - a +2 dagger of draining (weapon)
 t - a +3 dagger
Missiles
 g - 49 stones
 w - 7 poisoned darts
Armour
 a - a +0 leather armour (worn)
 b - a +0 robe
 s - a +0 helmet (worn)
 u - +0 steam dragon scales
 v - a +0 pair of gloves (worn)
 G - the +0 cloak "Yclaxt" (worn) {rElec rF+ rN+}
   (You found it on level 8 of the Dungeon)

   rF:        It protects you from fire.
   rElec:     It insulates you from electricity.
   rN:        It protects you from negative energy.
Jewellery
 f - a ring of ice
 m - a +4 ring of protection (left hand)
 y - an amulet of the acrobat (around neck)
 C - an amulet of regeneration
Wands
 p - a wand of flame (19)
 x - a wand of mindburst (15)
 z - a wand of digging (5)
Scrolls
 q - 5 scrolls of teleportation
 A - a scroll of fog {unknown}
 B - a scroll of torment {unknown}
 D - a scroll of magic mapping {unknown}
 E - a scroll of silence
 F - a scroll of immolation {unknown}
 H - a scroll of acquirement {unknown}
 I - a scroll of amnesia {unknown}
Potions
 c - a potion of berserk rage
 d - a potion of heal wounds
 e - 3 potions of curing
 h - a potion of resistance {unknown}
 i - 2 potions of lignification
 k - 3 potions of flight
 l - 3 potions of brilliance
 o - 2 potions of magic
 r - a potion of mutation {unknown}


   Skills:
 * Level 6.2 Fighting
 + Level 7.6 Short Blades
 + Level 6.3 Dodging
 + Level 13.9 Stealth
 - Level 2.0 Spellcasting
 - Level 4.4 Hexes


You had 4 spell levels left.
You knew the following spells:

 Your Spells              Type           Power      Damage    Failure   Level
a - Confusing Touch       Hex            18%        N/A       13%         3
b - Tukima's Dance        Hex            18%        N/A       13%         3
c - Ensorcelled Hibernat  Hex/Ice        20%        N/A       16%         2

Your spell library contained the following spells:

 Spells                   Type           Power      Damage    Failure   Level
 Apportation              Tloc           2%         N/A       26%         1
 Dazzling Flash           Conj/Hex       20%        N/A       30%         3
 Animate Armour           Summ/Erth      2%         N/A       94%         4
 Alistair's Intoxication  Tmut/Pois      0%         N/A       100%        5
 Blade Hands              Tmut           0%         N/A       100%        5
 Iron Shot                Conj/Erth      0%         9d1       100%        6
 Malign Gateway           Summ/Tloc      0%         N/A       100%        7
 Summon Horrible Things   Summ           0%         N/A       100%        8


Dungeon Overview and Level Annotations

Branches:
Dungeon (8/15)               Lair (0/6) D:8
 Temple: D:4-7

Altars:
Dithmenos
Makhleb
Nemelex Xobeh
Okawaru
Wu Jian

Shops:
D:2 [   D:5 (


Innate Abilities, Weirdness & Mutations

You do not regenerate when monsters are visible.
You are frail without blood (-20% HP).
You can heal yourself when you bite living creatures.
You are immune to poison.
You have razor-sharp teeth.
You have supernaturally acute eyesight. (SInv)
You are afflicted with vampirism and can become a bat while bloodless.


Message History

The eight-headed hydra misses you.
The eight-headed hydra closely misses you.
The eight-headed hydra bites you but does no damage.
The eight-headed hydra bites you. The eight-headed hydra bites you!
The eight-headed hydra bites you.
The eight-headed hydra bites you but does no damage. x2
Unknown command.
Okay, then.
As you read the scroll of teleportation, it crumbles to dust.
You feel strangely unstable.
The eight-headed hydra closely misses you.
The eight-headed hydra bites you. The eight-headed hydra misses you.
The eight-headed hydra bites you.
The eight-headed hydra barely misses you. x2
The eight-headed hydra bites you but does no damage.
The eight-headed hydra bites you!
* * * LOW HITPOINT WARNING * * *
Found a scroll of enchant weapon.
The eight-headed hydra closely misses you.
The eight-headed hydra completely misses you.
The eight-headed hydra bites you.
* * * LOW HITPOINT WARNING * * *
The eight-headed hydra closely misses you.
The eight-headed hydra bites you but does no damage.
The eight-headed hydra misses you.
The eight-headed hydra completely misses you.
The eight-headed hydra bites you.
* * * LOW HITPOINT WARNING * * *
The eight-headed hydra completely misses you.
The eight-headed hydra closely misses you.
The eight-headed hydra misses you.
The eight-headed hydra completely misses you.
The eight-headed hydra bites you!
* * * LOW HITPOINT WARNING * * *
The eight-headed hydra closely misses you.
The eight-headed hydra barely misses you. x2
The eight-headed hydra attacks as you move away!
The eight-headed hydra bites you but does no damage.
The eight-headed hydra misses you. The eight-headed hydra bites you.
You die...

? ####.. #...... .
.#...# .. ..#.#
... #...###...
#.#####.#......
.#...§......####..
.....§§)>Do......#
.#..§§....@.......
#.##...##########
#####


You could see an eight-headed hydra and an orc.

Vanquished Creatures
  Maggie (D:6)
  2 komodo dragons (D:8)
  Grinder (D:4)
  2 basilisks (D:8)
  2 steam dragons
  An ice beast (D:5)
  A black bear (D:6)
  A sky beast (D:8)
  An orc warrior (D:8)
  A centaur (D:5)
  An ogre (D:5)
  A phantom (D:3)
  A kobold brigand (D:6)
  A necrophage (D:6)
  2 bullfrogs (D:7)
  4 scorpions
  5 wights (D:8)
  3 killer bees (D:8)
  3 howler monkeys
  2 jellies
  3 orc priests
  2 hounds
  An iguana (D:5)
  An orc wizard (D:5)
  13 adders
  8 gnolls
  A white imp (D:6)
  3 ufetubi
  A worm (D:3)
  3 dart slugs
  15 orcs
  9 bats
  8 endoplasms
  3 giant cockroaches
  6 goblins
  7 hobgoblins
  4 jackals (D:5)
  5 quokkas
  3 frilled lizards
  6 kobolds
  6 rats
144 creatures vanquished.

Vanquished Creatures (others)
  2 dancing weapons (D:5)
  6 fungi (D:6)
8 creatures vanquished.

Grand Total: 152 creatures vanquished

Notes
Turn   | Place    | Note
-------+----------+-------------------------------------------
     0 | D:1      | LynnLen the Vampire Enchanter began the quest for the Orb.
     0 | D:1      | Reached XP level 1. HP: 13/13 MP: 3/3
   158 | D:1      | Reached XP level 2. HP: 16/20 MP: 5/5
   316 | D:1      | Reached skill level 1 in Fighting
   316 | D:1      | Reached skill level 5 in Stealth
  1016 | D:2      | Gained mutation: You are afflicted with vampirism and can
                  | become a bat while bloodless. [Vampire growth]
  1016 | D:2      | Reached XP level 3. HP: 20/20 MP: 6/6
  1019 | D:2      | You fall into a shaft and drop 1 floor!
  1192 | D:2      | Found a faded altar of an unknown god.
  1502 | D:2      | Found a burning altar of Makhleb.
  1575 | D:2      | Reached XP level 4. HP: 19/26 MP: 7/7
  1949 | D:2      | Found Utoro's Armour Boutique.
  2136 | D:2      | Reached skill level 6 in Stealth
  2376 | D:3      | Noticed a phantom
  2394 | D:3      | Killed a phantom
  2395 | D:3      | Reached XP level 5. HP: 30/30 MP: 8/8
  2550 | D:4      | Reached skill level 7 in Stealth
  2626 | D:4      | Reached XP level 6. HP: 36/36 MP: 9/9
  2887 | D:4      | Noticed Grinder
  2894 | D:4      | Killed Grinder
  2895 | D:4      | Reached skill level 8 in Stealth
  3418 | D:3      | Reached XP level 7. HP: 22/36 MP: 10/10
  3939 | D:5      | Entered Level 5 of the Dungeon
  3981 | D:5      | Learned a level 3 spell: Confusing Touch
  3985 | D:5      | Learned a level 3 spell: Tukima's Dance
  3997 | D:5      | Reached skill level 9 in Stealth
  4336 | D:5      | Found Ezxisor's Weapon Boutique.
  4466 | D:5      | Reached skill level 5 in Short Blades
  4469 | D:5      | Reached skill level 10 in Stealth
  4502 | D:5      | Reached XP level 8. HP: 29/48 MP: 11/11
  5139 | D:5      | Noticed an angel
  5300 | D:6      | Noticed Maggie
  5302 | D:6      | Killed Maggie
  5360 | D:6      | Reached skill level 5 in Dodging
  5384 | D:6      | Found a sparkling altar of Nemelex Xobeh.
  5558 | D:6      | Reached skill level 11 in Stealth
  5606 | D:6      | Found an ornate altar of the Wu Jian Council.
  5925 | D:6      | Reached skill level 5 in Fighting
  6017 | D:7      | Reached XP level 9. HP: 54/54 MP: 12/12
  6091 | D:7      | Noticed an eight-headed hydra
  6096 | D:7      | Found an iron altar of Okawaru.
  6389 | D:8      | Noticed a komodo dragon
  6396 | D:8      | Killed a komodo dragon
  6397 | D:8      | Reached skill level 12 in Stealth
  6579 | D:8      | Learned a level 2 spell: Ensorcelled Hibernation
  6583 | D:8      | Reached skill level 13 in Stealth
  7004 | D:8      | Identified the +0 cloak "Yclaxt" {rElec rF+ rN+}
  7364 | D:8      | Noticed a komodo dragon
  7420 | D:8      | Found a staircase to the Lair.
  7967 | D:8      | Killed a komodo dragon
  8255 | D:7      | Found a shadowy altar of Dithmenos.
  8511 | D:7      | HP: 1/55 [eight-headed hydra (10)]
  8512 | D:7      | Slain by an eight-headed hydra

Illustrated notes

Levels and vault maps discovered:
D:1:      sevenhm_arrival_forest_fort_large_2, layout_basic, dk_noncrumbling_4,
          serial_bayou_lake_a
D:2:      layout_loops_ring, chequers_ecumenical_altar_simple, basic_altar,
          serial_shops, nicolae_shop_behind_doors
D:3:      layout_basic, lemuel_old_faithful
D:4:      layout_loops_ring, uniq_grinder
D:5:      layout_rooms, zin_angel, nicolae_stop_n_shop_2
D:6:      layout_rooms, mainiacjoe_overflow_catch_the_wave,
          minmay_stone_trees_small, kennysheep_generic_room_15, uniq_maggie
D:7:      layout_rooms, nicolae_ru_the_path_less_chosen, grunt_dithmenos_smoke,
          nicolae_overflow_hidden_temple, temple_pool_b
D:8:      layout_loops_ring, erik_lair_dragon, minmay_misc_feat_ornament,
          kennysheep_generic_room_10

Skill      XL: |  1  2  3  4  5  6  7  8  9 |
---------------+----------------------------+-----
Fighting       | 1 2 3 5 6 |  6.2
Stealth        | 5 6 7 8 10 11 13 | 13.9
Short Blades   | 2 3 4 5 6 7 |  7.6
Dodging        | 3 4 5 6 |  6.3
Spellcasting   | |  2.0
Hexes          | |  4.4

Action                   |  1- 3 |  4- 6 |  7- 9 || total
-------------------------+-------+-------+-------++-------
Melee: Dagger            |    88 |    81 |   361 ||   530
       Bite              |    14 |     4 |    50 ||    68
       Punch             |     1 |       |     5 ||     6
       Whip              |     6 |       |       ||     6
Throw: Stone             |     1 |       |     1 ||     2
       Dart              |       |       |     4 ||     4
 Cast: Tukima's Dance    |       |       |     2 ||     2
       Confusing Touch   |       |       |     8 ||     8
       Ensorcelled Hiber |       |       |     5 ||     5
 Abil: Exsanguinate      |     1 |     1 |       ||     2
       Revivify          |       |     1 |       ||     1
  Use: Scroll            |     2 |     4 |    12 ||    18
       Potion            |     3 |     1 |     2 ||     6
 Stab: Sleeping          |    14 |    14 |    20 ||    48
       Distracted        |     1 |       |       ||     1
       Confused          |       |       |    10 ||    10
Armor: Robe              |    17 |    18 |    16 ||    51
       Leather armour    |       |       |   102 ||   102
Dodge: Dodged            |    56 |    33 |   247 ||   336

Table legend: (Time is in decaauts)
 A = Elapsed time spent in this place.
 B = Non-inter-level travel time spent in this place.
 C = Inter-level travel time spent in this place.
 D = Time resting spent in this place.
 E = Time spent auto-exploring this place.
 F = Levels seen in this place.
 G = Mean time per level.
                   A        B        C        D        E       F      G
               +--------+--------+--------+--------+--------+-----+--------+
         Total |   8416 |   8105 |    311 |   1206 |   4135 |   8 | 1052.0 |
       Dungeon |   8416 |   8105 |    311 |   1206 |   4135 |   8 | 1052.0 |
               +--------+--------+--------+--------+--------+-----+--------+

Top non-repeatable levels by time:
     D:8: 2340 daAuts
     D:2: 1259 daAuts
     D:5: 1143 daAuts
     D:4: 1138 daAuts
     D:1: 1040 daAuts
     D:6: 697 daAuts
     D:3: 689 daAuts
     D:7: 107 daAuts
